 Dungeon Crawl Stone Soup version 0.25.1-2-g60ff931df9 (webtiles) character file.

Game seed: 15982822663176084349

316501 nikku the Executioner (level 20, -13/303 HPs)
             Began as a Minotaur Berserker on Nov 9, 2020.
             Was a High Priest of Trog.
             Mangled by wjh11's ghost (17 damage)
             ... on level 2 of the Vaults.
             The game lasted 01:56:01 (37024 turns).

nikku the Executioner (Minotaur Berserker)         Turns: 37024, Time: 01:56:02

Health: -13/303    AC: 34    Str: 36    XL:     20   Next: 53%
Magic:  9/9        EV: 12    Int:  6    God:    Trog [*****.]
Gold:   3341       SH: 15    Dex: 12    Spells: 19/19 levels left

rFire    + . .     SeeInvis +   H - +7 broad axe "Tormentor" {antimagic, *Slow rPois Str+3}
rCold    + + .     Gourm    .   R - +0 kite shield {reflect}
rNeg     . . .     Faith    .   t - +1 crystal plate armour
rPois    +         Spirit   .   k - +2 hat of the Past {Stlth+}
rElec    .         Reflect  +   O - scarf {rC+ rF+}
rCorr    +         Harm     .   n - +2 pair of gloves {Str+3}
MR       +++..                  j - +1 pair of boots
Stlth    ..........             d - amulet of Nusixzec {Acrobat rC+ Str+3 SInv Stlth-}
HPRegen  1.60/turn              o - ring of resist corrosion
MPRegen  0.11/turn              S - +4 ring of evasion

@: berserking, regenerating (expiring), very quick
A: retaliatory headbutt, horns 2, subdued magic 1
}: 2/15 runes: barnacled, gossamer
a: Berserk, Trog's Hand, Brothers in Arms, Renounce Religion


You were on level 2 of the Vaults.
You worshipped Trog.
Trog was extremely pleased with you.
You were near starving.

You visited 7 branches of the dungeon, and saw 34 of its levels.
You also visited: Gauntlet and Ice Cave.

You collected 3692 gold pieces.
You spent 351 gold pieces at shops.

Inventory:

Hand Weapons
 H - the +7 broad axe "Tormentor" (weapon) {antimagic, *Slow rPois Str+3}
   (Trog gifted it to you on level 5 of the Lair of Beasts)

   It reduces the magical energy of the wielder, and disrupts the spells and
   magical abilities of those hit.
   Natural abilities and divine invocations are not affected.
   It affects your strength (+3).
   It protects you from poison.
   It may slow you when you take damage.
Missiles
 e - 60 javelins
 g - 85 poisoned darts (quivered)
 C - 12 curare-tipped darts
 G - 28 silver javelins
 Y - 5 atropa-tipped darts
Armour
 j - a +1 pair of boots (worn)
 k - the +2 hat of the Past (worn) {Stlth+}
   (You found it on level 1 of the Orcish Mines)

   It makes you more stealthy.
 m - a +0 tower shield
 n - a +2 pair of gloves of strength (worn)
 t - a +1 crystal plate armour (worn)
 O - a scarf of resistance (worn)
 R - a +0 kite shield of reflection (worn)
Jewellery
 a - an uncursed ring of positive energy
 d - the amulet of Nusixzec (around neck) {Acrobat rC+ Str+3 SInv Stlth-}
   (You found it on level 3 of the Shoals)

   [amulet of the acrobat]

   It helps you evade while moving and waiting.
   It affects your strength (+3).
   It protects you from cold.
   It lets you see invisible.
   It makes you less stealthy.
 o - a ring of resist corrosion (left hand)
 z - an uncursed amulet of reflection
 S - a +4 ring of evasion (right hand)
Wands
 u - a wand of digging (16)
 v - a wand of clouds (9)
 D - a wand of polymorph (4)
 J - a wand of iceblast (24)
 V - a wand of disintegration (43)
 W - a wand of paralysis (8)
Scrolls
 b - 2 scrolls of summoning
 f - 21 scrolls of teleportation
 l - a scroll of immolation
 p - 2 scrolls of fear
 w - 3 scrolls of blinking
 I - 8 scrolls of identify
 L - 2 scrolls of magic mapping
Potions
 h - 4 potions of berserk rage
 i - 4 potions of resistance
 q - 3 potions of lignification
 r - 4 potions of mutation
 s - 14 potions of curing
 A - 5 potions of heal wounds
 F - 4 potions of cancellation
 K - a potion of ambrosia
 P - 4 potions of might
 U - 4 potions of haste
Miscellaneous
 x - a box of beasts
 M - a tin of tremorstones (3/3)
 N - a phial of floods
 X - a phantom mirror
Comestibles
 c - 33 rations


   Skills:
 + Level 22.9 Fighting
 + Level 22.9 Axes
 - Level 16.5 Armour
 - Level 2.1 Dodging
 - Level 15.0 Shields
 + Level 13.5 Evocations


You had 19 spell levels left.
You didn't know any spells.
Your spell library was empty.

Dungeon Overview and Level Annotations

Branches:
Dungeon (15/15)            Temple (1/1) D:4            Lair (6/6) D:8
 Shoals (4/4) Lair:3       Spider (4/4) Lair:4        Slime (0/5) Lair:5
    Orc (2/2) D:12            Elf (0/3) Orc:2        Vaults (2/5) D:14
  Crypt (0/3) Vaults:2     Depths (0/5) D:15          IceCv (visited)
Gauntlet (visited)

Altars:
Ashenzari
Cheibriados
Dithmenos
Fedhas
Gozag
Hepliaklqana
Kikubaaqudgha
Nemelex Xobeh
Ru
Trog
Wu Jian
Xom
Yredelemnul
Zin
The Shining One
Beogh
Jiyva

Shops:
D:6 ?   Orc:1 }   Orc:2 (%=(   Shoals:2 *

Annotations:
D:9 1 runed translucent door, LifeIsToil's ghost, novice DsGl
Lair:1 exclusion: oklob plant
Vaults:2 agentgt's ghost, veteran KoAK; corvin's ghost, veteran TrBe; eruonna's ghost, veteran HOBe; wjh11's ghost, veteran MiBe


Innate Abilities, Weirdness & Mutations

You reflexively headbutt those who attack you in melee.
You have a pair of horns on your head.
Your spells are a little easier to cast, but a little less powerful.


Message History

You hit eruonna's ghost but do no damage.
You miss wjh11's ghost.
You hit corvin's ghost but do no damage.
You block corvin's ghost's attack. Adoajy's ghost hits you.
* * * LOW HITPOINT WARNING * * *
Eruonna's ghost hits you!!
* * * LOW HITPOINT WARNING * * *
You are too berserk!
You miss agentgt's ghost.
Agentgt's ghost is heavily damaged.
You slash Adoajy's ghost!
You feel the power of Trog in you as your rage grows.
You destroy Adoajy's ghost!
Trog accepts your kill.
You closely miss corvin's ghost. You miss wjh11's ghost.
You hit eruonna's ghost but do no damage.
You slash the yaktaur captain!
Agentgt's ghost hits you but does no damage.
Wjh11's ghost hits you!
You die...

.##.# #...#...#...# #...#.#^#.
#.#.# ##....<....## #...'#)#'.
>#..# ##.#.).#.## #...#...#.
#.#.# ####.#### #########' .##.#
########'####### #... ....#
#..............# #...
##'####..............# #..#
#.....#..''''''WW''..#########..^
#.....#..'+++''W@''..#.......#...
#..)).#..' +''')cW'..'.......####
#.....'..'+'[..['''..#.......#.(.
#.....#..'+'.![:'''..#.......#...
#.....#..'+'..!.'+'..#.......(..#
#.....#..'++....++'..#.......#..#
#.....#..'


+++++ +'..#########..# #.....#..' +'..# #))# #######..''''''''''..# #.). You
could see a yaktaur captain, agentgt's ghost, corvin's ghost, eruonna's ghost
and wjh11's ghost.

Vanquished Creatures
  Mara (Spider:4)
  Bai Suzhen (Spider:3)
  The ghost of Faydane the Hoplite, a veteran HuFi of the Shining One (Vaults:2)
  Nikola (Shoals:1)
  Rupert (Orc:2)
  Jorgrun (D:15)
  A tentacled monstrosity (Vaults:2)
  Asterion (Spider:3)
  The ghost of Vuykkinei the Brawler, an adept TrBe of Trog (Spider:1)
  The ghost of Lolleill the Bludgeoner, an adept DgTm (Vaults:2)
  A kraken (Shoals:3)
  A sphinx (Vaults:2)
  Polyphemus (Shoals:2)
  Kirke (D:12)
  The ghost of Adoajy the Bludgeoner, an adept DsWr of Ru (Vaults:2)
  A shadow dragon (Vaults:2)
  An ancient champion (Vaults:2)
  The ghost of Nuqinleag the Devastator, an adept GrEE of Vehumet (Spider:4)
  The ghost of barkas the Spear-Bearer, a journeyman CeMo of Okawaru (Orc:1)
  Donald (Orc:2)
  A frost giant (Vaults:2)
  4 emperor scorpions (Spider:4)
  3 vault wardens
  3 ghost moths (Spider:4)
  A deep elf sorcerer (Vaults:2)
  Louise (Shoals:3)
  4 war gargoyles (Vaults:2)
  5 ironheart preservers
  4 entropy weavers
  3 stone giants (Vaults:2)
  A very ugly thing (Vaults:2)
  2 deep elf demonologists (Vaults:2)
  Nessos (D:14)
  A dire elephant (D:15)
  A minotaur (Gauntlet)
  A spark wasp (Spider:4)
  3 ettins
  4 merfolk javelineers
  4 merfolk impalers
  A deep elf death mage (Vaults:2)
  Josephine (D:13)
  2 fire dragons (Vaults:1)
  4 vault guards (D:14)
  Snorg (D:12)
  The ghost of Galipoih the Spear-Bearer, a journeyman OpFi of Gozag (Lair:5)
  4 yaktaur captains
  An ice dragon (Vaults:1)
  Erolcha (D:13)
  11 hydras
  A catoblepas (Shoals:2)
  5 merfolk avatars
  A rakshasa (Vaults:1)
  3 merfolk aquamancers (Shoals:4)
  Erica (D:8)
  7 ogre magi
  4 satyrs
  4 centaur warriors
  21 two-headed ogres
  2 tengu warriors (D:15)
  5 death yaks
  10 deep elf knights
  A fire crab (shapeshifter) (D:13)
  A spectral entropy weaver (Spider:1)
  A spectral spark wasp (Spider:1)
  4 skeletal warriors
  3 unseen horrors
  12 sea snakes
  3 wizards
  A flayed ghost (Vaults:2)
  An entropy weaver zombie (Vaults:2)
  2 glowing orange brains
  3 ironbrand convokers (Vaults:2)
  A sphinx zombie (Vaults:2)
  17 orc knights
  A spectral wolf spider (Spider:1)
  9 deep elf archers
  29 harpies
  15 orb spiders
  A phantasmal warrior (Vaults:2)
  4 necromancers
  15 fauns
  14 manticores
  2 orc sorcerers
  23 deep elf magi
  A human zombie (Vaults:2)
  23 ugly things
  A fire giant zombie (Vaults:2)
  31 wolf spiders
  12 cyclopes
  A salamander (D:15)
  A moth of wrath (Lair:5)
  4 black mambas
  3 water nymphs
  3 ice statues (IceCv)
  6 vault sentinels
  5 merfolk sirens
  2 gargoyles
  25 spiny frogs
  2 torpor snails
  14 yaktaurs
  An efreet (D:15)
  2 yaktaur zombies (Vaults:2)
  3 rime drakes
  12 komodo dragons
  7 demonic crawlers
  2 kobold demonologists (D:14)
  2 freezing wraiths (Vaults:2)
  A ghost moth simulacrum (Spider:1)
  6 meliai
  11 trolls
  8 wind drakes
  28 merfolk
  A troll (shapeshifter) (Vaults:1)
  30 jumping spiders
  14 hornets
  7 snapping turtles
  4 tyrant leeches (Lair:6)
  A polar bear (Lair:4)
  13 slime creatures
  18 dream sheep
  11 hippogriffs
  39 blink frogs
  A meliai zombie (D:12)
  A fire giant simulacrum (Vaults:2)
  A redback (shapeshifter) (Vaults:2)
  7 flying skulls (Gauntlet)
  6 wraiths
  3 shadows
  76 yaks
  Sigmund (D:6)
  10 water elementals
  73 redbacks
  3 wyverns
  2 basilisks
  6 hogs (D:12)
  38 tarantellas
  A vampire (D:15)
  Grum (D:8)
  A steam dragon (Lair:4)
  15 vampire mosquitoes
  2 hungry ghosts
  A yaktaur simulacrum (Vaults:2)
  A spectral orb spider (Spider:1)
  5 acid dragons
  3 soldier ants (shapeshifter)
  9 wargs
  A soldier ant (D:13)
  9 porcupines
  A spectral hornet (Spider:1)
  9 water moccasins
  A hornet zombie (D:12)
  Duvessa (D:5)
  A jumping spider simulacrum (Spider:1)
  3 phantoms
  9 ice beasts
  An ettin simulacrum (Vaults:2)
  46 orc warriors
  26 ogres
  5 black bears
  A sky beast (D:9)
  An eye of draining (D:12)
  2 elephant zombies (Lair:3)
  5 centaurs
  2 necrophages
  15 wolves
  8 boggarts
  10 crocodiles
  4 big kobolds
  26 bullfrogs
  A gnoll sergeant (D:11)
  A glowing shapeshifter simulacrum (Vaults:2)
  2 orb spider simulacra (Spider:1)
  Dowan (D:5)
  A human skeleton (Vaults:2)
  5 scorpions
  9 killer bees
  9 wights
  9 electric eels
  2 howler monkeys (D:10)
  9 crimson imps
  A quasit (D:8)
  4 bullfrog skeletons
  3 centaur zombies
  3 human simulacra
  14 jellies
  4 hounds
  9 centaur skeletons
  17 orc priests
  An iron imp (D:7)
  5 iguanas
  17 worker ants
  22 orc wizards
  4 yak simulacra (Lair:6)
  A polar bear simulacrum (Lair:6)
  2 wolf simulacra (Lair:6)
  A crocodile zombie (Lair:3)
  3 hound zombies
  A howler monkey zombie (D:10)
  A worker ant zombie (D:7)
  3 gnolls (D:11)
  A howler monkey skeleton (D:10)
  10 adders
  4 shadow imps
  14 oozes
  4 adder skeletons
  An adder zombie (D:5)
  4 worms (D:2)
  6 leopard geckos
  109 orcs
  3 giant cockroaches
  7 goblins
  7 hobgoblins
  8 jackals
  6 quokkas
  4 ball pythons
  7 bats
  3 frilled lizards
  A jackal zombie (D:5)
  12 kobolds
  7 rats
  4 river rat simulacra (Lair:6)
  8 fungi
  21 plants
  4 tentacles (Shoals:3)
1550 creatures vanquished.

Vanquished Creatures (collateral kills)
  Arachne (Spider:3)
  A merfolk avatar (Shoals:4)
  A satyr (Shoals:4)
  Sonja (D:13)
  2 orb spiders (Spider:3)
  An ugly thing (D:13)
  Maurice (D:13)
  2 merfolk sirens
  3 merfolk
  A troll (D:13)
  2 jumping spiders (Spider:3)
  A hornet (D:13)
  4 wraiths (D:13)
  2 vampire mosquitoes (D:13)
  A bullfrog skeleton (D:13)
  4 orcs (D:13)
28 creatures vanquished.

Vanquished Creatures (others)
  A deep elf demonologist (Vaults:2)
  A merfolk aquamancer (Shoals:1)
  A deep elf knight (Vaults:2)
  A harpy (Shoals:4)
  A merfolk siren (Shoals:1)
  An orc warrior (Vaults:1)
  An ogre (Vaults:2)
  18 fungi
  50 plants
  5 tentacles (Shoals:3)
80 creatures vanquished.

Grand Total: 1658 creatures vanquished

Notes
Turn   | Place    | Note
-------+----------+-------------------------------------------
     0 | D:1      | nikku the Minotaur Berserker began the quest for the Orb.
     0 | D:1      | Reached XP level 1. HP: 19/19 MP: 0/0
   274 | D:1      | Reached XP level 2. HP: 27/27 MP: 1/1
   700 | D:1      | Reached ** piety under Trog
   831 | D:2      | Reached XP level 3. HP: 20/33 MP: 2/2
  2168 | D:3      | Found a basalt altar of Yredelemnul.
  2181 | D:3      | Reached XP level 4. HP: 37/41 MP: 3/3
  2621 | D:3      | Found an ancient bone altar of Kikubaaqudgha.
  2621 | D:3      | Noticed a human
  2788 | D:4      | Reached skill level 5 in Axes
  2822 | D:4      | Reached skill level 5 in Fighting
  2822 | D:4      | Reached XP level 5. HP: 32/48 MP: 4/4
  3223 | D:4      | Noticed an ogre
  3231 | D:4      | Killed an ogre
  3231 | D:4      | Reached XP level 6. HP: 35/56 MP: 5/5
  3376 | D:4      | Reached skill level 5 in Armour
  3509 | D:4      | Found a staircase to the Ecumenical Temple.
  3522 | Temple   | Entered the Ecumenical Temple
  3661 | D:4      | Reached *** piety under Trog
  3866 | D:5      | Entered Level 5 of the Dungeon
  3959 | D:5      | Noticed Dowan
  3960 | D:5      | Noticed Duvessa
  3964 | D:5      | Reached XP level 7. HP: 63/63 MP: 6/6
  3971 | D:5      | Killed Duvessa
  3986 | D:5      | Killed Dowan
  4500 | D:5      | Got a warped war axe
  4501 | D:5      | Identified the cursed +3 war axe "Fuwaurom" {pain, Int+7}
                  | (You found it on level 5 of the Dungeon)
  4507 | D:5      | Found a blossoming altar of Fedhas.
  4570 | D:5      | Found a bloodstained altar of Trog.
  4854 | D:6      | Noticed Sigmund
  4861 | D:6      | Killed Sigmund
  4861 | D:6      | Reached XP level 8. HP: 72/73 MP: 7/7
  4994 | D:6      | Found Ceophe's Magic Scroll Shoppe.
  4998 | D:6      | Bought a scroll of remove curse for 36 gold pieces
  5864 | D:7      | Noticed a hippogriff
  5868 | D:7      | Killed a hippogriff
  5868 | D:7      | Reached XP level 9. HP: 78/83 MP: 8/8
  6224 | D:7      | Found a snail-covered altar of Cheibriados.
  6398 | D:7      | Reached **** piety under Trog
  6676 | D:8      | Noticed Erica
  6687 | D:8      | Killed Erica
  6845 | D:8      | Reached skill level 10 in Axes
  6846 | D:8      | Reached skill level 10 in Fighting
  6859 | D:8      | Reached skill level 10 in Armour
  6918 | D:8      | Found a staircase to the Lair.
  6932 | D:8      | Noticed Grum
  6949 | D:8      | Reached XP level 10. HP: 94/94 MP: 9/9
  6949 | D:8      | Killed Grum
  7867 | D:9      | Found an opulent altar of Gozag.
  7958 | D:9      | Reached ***** piety under Trog
  8046 | D:9      | Reached skill level 1 in Shields
  8048 | D:9      | Noticed a two-headed ogre
  8056 | D:9      | Received a gift from Trog
  8060 | D:9      | Killed a two-headed ogre
  8065 | D:9      | Got a scorched broad axe {god gift}
  8066 | D:9      | Identified the +3 broad axe "Kimor" {vorpal, rN+ MR+} (Trog
                  | gifted it to you on level 9 of the Dungeon)
  8123 | D:9      | Noticed a two-headed ogre
  8140 | D:9      | Killed a two-headed ogre
  8140 | D:9      | Reached XP level 11. HP: 99/104 MP: 10/10
  8603 | D:9      | Found a runed translucent door.
  8603 | D:9      | Noticed LifeIsToil's ghost (novice DsGl)
  8603 | D:9      | Noticed a deep troll earth mage
  8696 | D:10     | Entered Level 10 of the Dungeon
  9412 | D:10     | Found a large runed translucent door.
  9417 | D:10     | Reached skill level 5 in Shields
  9439 | D:10     | Found a large runed translucent door.
  9486 | D:10     | Noticed a two-headed ogre
  9492 | D:10     | Killed a two-headed ogre
  9539 | D:10     | Found a sacrificial altar of Ru.
  9539 | D:10     | Noticed a wolf spider
  9550 | D:10     | Killed a wolf spider
  9924 | D:10     | Found an ornate altar of the Wu Jian Council.
 10008 | Lair:1   | Entered Level 1 of the Lair of Beasts
 10025 | Lair:1   | Noticed a five-headed hydra
 10035 | Lair:1   | Killed a seven-headed hydra
 10461 | Lair:1   | Noticed an oklob plant
 10499 | Lair:1   | Reached XP level 12. HP: 115/115 MP: 11/11
 10900 | Lair:2   | Noticed a death yak
 10901 | Lair:2   | Noticed a death yak
 10903 | Lair:2   | Noticed a death yak
 10918 | Lair:2   | Killed a death yak
 10920 | Lair:2   | Killed a death yak
 10923 | Lair:2   | Killed a death yak
 11863 | Lair:3   | Noticed an eight-headed hydra
 11880 | Lair:3   | Killed a 14-headed hydra
 11994 | Lair:3   | Found a staircase to the Shoals.
 13128 | Lair:4   | Found a hole to the Spider Nest.
 13155 | Lair:4   | Reached XP level 13. HP: 97/124 MP: 12/12
 14126 | Lair:5   | Found a transporter.
 14138 | Lair:5   | Found a transporter.
 14141 | Lair:5   | Noticed Galipoih's ghost (journeyman OpFi)
 14148 | Lair:5   | Reached skill level 10 in Shields
 14156 | Lair:5   | Killed Galipoih's ghost
 14311 | Lair:5   | Received a gift from Trog
 14314 | Lair:5   | Got a smoking broad axe {god gift}
 14315 | Lair:5   | Identified the +7 broad axe "Tormentor" {antimagic, *Slow
                  | rPois Str+3} (Trog gifted it to you on level 5 of the Lair
                  | of Beasts)
 14364 | Lair:5   | Found a staircase to the Slime Pits.
 14376 | Lair:5   | Found a viscous altar of Jiyva.
 15150 | Lair:6   | Entered Level 6 of the Lair of Beasts
 15184 | Lair:6   | Reached skill level 15 in Axes
 15185 | Lair:6   | Reached skill level 15 in Fighting
 15210 | Lair:6   | Reached skill level 15 in Armour
 15406 | Lair:6   | Reached XP level 14. HP: 135/135 MP: 4/13
 15856 | Lair:6   | Received a gift from Trog
 16413 | Lair:6   | Identified the Incunabulum of Spatial Creation
 16659 | D:11     | Found a sacrificial altar of Ru.
 16965 | D:11     | Found a gate leading to a gauntlet.
 16975 | Gauntlet | Entered a Gauntlet
 16975 | Gauntlet | Found a transporter.
 16978 | Gauntlet | Found a transporter.
 16994 | Gauntlet | Found a transporter.
 16998 | Gauntlet | Found a transporter.
 17008 | Gauntlet | Found a transporter.
 17027 | Gauntlet | Found a runed translucent gate.
 17028 | Gauntlet | Found a transporter.
 17028 | Gauntlet | Found a runed translucent gate.
 17031 | Gauntlet | Found a transporter.
 17035 | Gauntlet | Found a transporter.
 17047 | Gauntlet | Found a runed translucent gate.
 17062 | Gauntlet | Noticed a cacodemon
 17071 | Gauntlet | Found a transporter.
 17071 | Gauntlet | Found a transporter.
 17079 | Gauntlet | Found a transporter.
 17118 | Gauntlet | Found a transporter.
 17216 | Gauntlet | Reached ****** piety under Trog
 17286 | Gauntlet | Got a faintly glowing cloak
 17299 | Gauntlet | Identified the cursed -3 cloak of Untold Secrets {SInv}
                  | (You found it in a Gauntlet)
 17337 | Gauntlet | Received a gift from Trog
 18121 | D:12     | Found a staircase to the Orcish Mines.
 18418 | D:12     | Noticed Kirke
 18440 | D:12     | Killed Kirke
 18587 | D:12     | Noticed Snorg
 18595 | D:12     | Killed Snorg
 18690 | D:12     | Received a gift from Trog
 18856 | D:12     | Got a bloodstained long sword
 18857 | D:12     | Identified the +9 long sword of the People {venom, Str+2
                  | Dex+4} (You found it on level 12 of the Dungeon)
 18885 | Orc:1    | Entered Level 1 of the Orcish Mines
 19020 | Orc:1    | Found Revypocu's Gadget Emporium.
 19106 | Orc:1    | Identified the +6 great mace "Minotaur's Peril" {elec,
                  | *Corrode rN+++ Str+3 Int+4}
 19107 | Orc:1    | Found a transporter.
 19107 | Orc:1    | Noticed barkas's ghost (journeyman CeMo)
 19110 | Orc:1    | Found a transporter.
 19124 | Orc:1    | Reached XP level 15. HP: 145/145 MP: 4/14
 19164 | Orc:1    | Killed barkas's ghost
 19172 | Orc:1    | Got a scorched hat
 19191 | Orc:1    | Identified the +2 hat of the Past {Stlth+} (You found it on
                  | level 1 of the Orcish Mines)
 19304 | Orc:1    | Found a frozen archway.
 19310 | IceCv    | Entered an ice cave
 19801 | Orc:2    | Entered Level 2 of the Orcish Mines
 19822 | Orc:2    | Noticed Rupert
 19840 | Orc:2    | Killed Rupert
 19977 | Orc:2    | Received a gift from Trog
 20065 | Orc:2    | Found a staircase to the Elven Halls.
 20120 | Orc:2    | Found Jedug's Weapon Shoppe.
 20159 | Orc:2    | Found Zicom's Jewellery Shop.
 20234 | Orc:2    | Found Qeer's Food Shoppe.
 20277 | Orc:2    | Found Dutiph's Weapon Shop.
 20436 | Orc:2    | Found a roughly hewn altar of Beogh.
 20478 | Orc:2    | Noticed Donald
 20488 | Orc:2    | Killed Donald
 21072 | D:13     | Noticed Sonja
 21075 | D:13     | Noticed Josephine
 21075 | D:13     | Noticed Maurice
 21083 | D:13     | Received a gift from Trog
 21086 | D:13     | Killed Josephine
 21091 | D:13     | Killed Maurice
 21098 | D:13     | Killed Sonja
 21199 | D:13     | Noticed Erolcha
 21203 | D:13     | Killed Erolcha
 21797 | D:14     | Noticed Nessos
 21802 | D:14     | Killed Nessos
 21802 | D:14     | Reached skill level 1 in Evocations
 21989 | D:14     | Found a gate to the Vaults.
 21996 | D:14     | Reached XP level 16. HP: 157/157 MP: 5/16
 22333 | D:15     | Entered Level 15 of the Dungeon
 22337 | D:15     | Received a gift from Trog
 22393 | D:15     | Found a shattered altar of Ashenzari.
 22402 | D:15     | Reached skill level 15 in Shields
 22480 | D:15     | Noticed Jorgrun
 22492 | D:15     | Killed Jorgrun
 22687 | D:15     | Found a staircase to the Depths.
 23267 | Spider:1 | Entered Level 1 of the Spider Nest
 23441 | Spider:1 | Reached skill level 5 in Evocations
 23482 | Spider:1 | Received a gift from Trog
 23818 | Spider:1 | Found a runed translucent gate.
 23818 | Spider:1 | Found a runed translucent gate.
 23820 | Spider:1 | Found a runed translucent gate.
 23824 | Spider:1 | Noticed Vuykkinei's ghost (adept TrBe)
 23848 | Spider:1 | Killed Vuykkinei's ghost
 23874 | Spider:1 | Got a shimmering bronze ring
 24025 | Spider:1 | Identified the ring "Boron" {rC+ Stlth+} (You found it on
                  | level 1 of the Spider Nest)
 25031 | Spider:3 | Noticed Asterion
 25031 | Spider:3 | Noticed Bai Suzhen
 25039 | Spider:3 | Gained mutation: Your spells are a little easier to cast,
                  | but a little less powerful. [a cacodemon]
 25047 | Spider:3 | Reached XP level 17. HP: 166/166 MP: 6/20
 25053 | Spider:3 | Killed Bai Suzhen
 25055 | Spider:3 | Killed Asterion
 25061 | Spider:3 | Noticed Arachne
 25106 | Spider:3 | Received a gift from Trog
 25183 | Spider:3 | Killed Arachne
 25374 | Spider:3 | Paralysed by a hornet for 2 turns
 25657 | Spider:4 | Entered Level 4 of the Spider Nest
 26114 | Spider:4 | Found a large runed translucent door.
 26114 | Spider:4 | Found a large runed translucent door.
 26115 | Spider:4 | Noticed Nuqinleag's ghost (adept GrEE)
 26266 | Spider:4 | Noticed Mara
 26273 | Spider:4 | Noticed nikku's illusion
 26295 | Spider:4 | Killed Mara
 26605 | Spider:4 | Received a gift from Trog
 27222 | Spider:4 | Got a gossamer rune of Zot
 27378 | Spider:4 | Killed Nuqinleag's ghost
 27535 | Shoals:1 | Entered Level 1 of the Shoals
 27564 | Shoals:1 | Reached XP level 18. HP: 156/178 MP: 7/23
 27894 | Shoals:1 | Found the +8 demon blade "Leech" {vamp, *Rage +Rage rN+}
 27901 | Shoals:1 | Noticed Nikola
 27919 | Shoals:1 | Killed Nikola
 28966 | Shoals:2 | Noticed Polyphemus
 28974 | Shoals:2 | Reached skill level 10 in Evocations
 28986 | Shoals:2 | Killed Polyphemus
 29378 | Shoals:2 | Found Kecont's General Store.
 29386 | Shoals:2 | Bought a potion of haste for 210 gold pieces
 29386 | Shoals:2 | Bought a potion of heal wounds for 105 gold pieces
 29824 | Shoals:3 | Noticed Louise
 29834 | Shoals:3 | Killed Louise
 30085 | Shoals:3 | Got a twitching garnet amulet
 30098 | Shoals:3 | Identified the amulet of Nusixzec {Acrobat rC+ Str+3 SInv
                  | Stlth-} (You found it on level 3 of the Shoals)
 30746 | Shoals:3 | Received a gift from Trog
 31519 | Shoals:4 | Entered Level 4 of the Shoals
 32500 | Shoals:4 | Reached XP level 19. HP: 55/189 MP: 8/26
 32518 | Shoals:4 | Got a barnacled rune of Zot
 33496 | Vaults:1 | Entered Level 1 of the Vaults
 33574 | Vaults:1 | Received a gift from Trog
 34647 | Vaults:1 | Received a gift from Trog
 35198 | Vaults:2 | Found a huge runed gate.
 35198 | Vaults:2 | Found a huge runed gate.
 35198 | Vaults:2 | Found a huge runed gate.
 35203 | Vaults:2 | Found a huge runed gate.
 35203 | Vaults:2 | Found a huge runed gate.
 35203 | Vaults:2 | Found a huge runed gate.
 35203 | Vaults:2 | Found a huge runed gate.
 35203 | Vaults:2 | Found a huge runed gate.
 35204 | Vaults:2 | Found a huge runed gate.
 35204 | Vaults:2 | Found a huge runed gate.
 35209 | Vaults:2 | Found a huge runed gate.
 35209 | Vaults:2 | Found a huge runed gate.
 35209 | Vaults:2 | Found a huge runed gate.
 35209 | Vaults:2 | Found a huge runed gate.
 35209 | Vaults:2 | Found a huge runed gate.
 35209 | Vaults:2 | Found a huge runed gate.
 35209 | Vaults:2 | Found a huge runed gate.
 35210 | Vaults:2 | Found a huge runed gate.
 35211 | Vaults:2 | Found a huge runed gate.
 35264 | Vaults:2 | Identified the +9 great sword "Zoczunwi" {venom, Fragile
                  | rPois rC+++ Dex-4}
 35687 | Vaults:2 | Reached XP level 20. HP: 201/201 MP: 9/28
 35753 | Vaults:2 | Received a gift from Trog
 35887 | Vaults:2 | Found a huge runed gate.
 35888 | Vaults:2 | Found a huge runed gate.
 35888 | Vaults:2 | Found a huge runed gate.
 35888 | Vaults:2 | Found a huge runed gate.
 35889 | Vaults:2 | Found a huge runed gate.
 35889 | Vaults:2 | Found a huge runed gate.
 35889 | Vaults:2 | Found a huge runed gate.
 35889 | Vaults:2 | Found a huge runed gate.
 35890 | Vaults:2 | Found a huge runed gate.
 35898 | Vaults:2 | Found a huge runed gate.
 35898 | Vaults:2 | Found a huge runed gate.
 35898 | Vaults:2 | Found a huge runed gate.
 35898 | Vaults:2 | Found a huge runed gate.
 35898 | Vaults:2 | Found a huge runed gate.
 35898 | Vaults:2 | Found a huge runed gate.
 35898 | Vaults:2 | Found a huge runed gate.
 35899 | Vaults:2 | Found a huge runed gate.
 35908 | Vaults:2 | Found a huge runed gate.
 35916 | Vaults:2 | Found a huge runed gate.
 35916 | Vaults:2 | Found a huge runed gate.
 35916 | Vaults:2 | Found a huge runed gate.
 35916 | Vaults:2 | Found a huge runed gate.
 35916 | Vaults:2 | Found a huge runed gate.
 35916 | Vaults:2 | Found a huge runed gate.
 35916 | Vaults:2 | Found a huge runed gate.
 35917 | Vaults:2 | Found a huge runed gate.
 35918 | Vaults:2 | Found a huge runed gate.
 35964 | Vaults:2 | Found a huge runed gate.
 35964 | Vaults:2 | Found a huge runed gate.
 35964 | Vaults:2 | Found a huge runed gate.
 35964 | Vaults:2 | Found a huge runed gate.
 35964 | Vaults:2 | Found a huge runed gate.
 35965 | Vaults:2 | Found a huge runed gate.
 35966 | Vaults:2 | Found a huge runed gate.
 35967 | Vaults:2 | Found a huge runed gate.
 35968 | Vaults:2 | Found a huge runed gate.
 36081 | Vaults:2 | Found a staircase to the Crypt.
 36552 | Vaults:2 | Received a gift from Trog
 36988 | Vaults:2 | Noticed corvin's ghost (veteran TrBe)
 36988 | Vaults:2 | Noticed eruonna's ghost (veteran HOBe)
 36988 | Vaults:2 | Noticed wjh11's ghost (veteran MiBe)
 36988 | Vaults:2 | Noticed Faydane's ghost (veteran HuFi)
 36988 | Vaults:2 | Noticed Adoajy's ghost (adept DsWr)
 36988 | Vaults:2 | Noticed Lolleill's ghost (adept DgTm)
 36990 | Vaults:2 | Noticed agentgt's ghost (veteran KoAK)
 37009 | Vaults:2 | Killed Faydane's ghost
 37011 | Vaults:2 | Killed Lolleill's ghost
 37023 | Vaults:2 | HP: 3/303 [eruonna's ghost (23)]
 37024 | Vaults:2 | Killed Adoajy's ghost
 37024 | Vaults:2 | Mangled by wjh11's ghost

Illustrated notes

Levels and vault maps discovered:
D:1:      dpeg_arrival_rooms_a, layout_basic
D:2:      layout_loops_cross
D:3:      layout_rooms, nicolae_overflow_crystal_walls, st_stairs_9,
          tgw_kikubaaqudgha
D:4:      layout_loops_cross, minmay_temple_entry_stoned_glass, first_ration
D:5:      layout_cave_pools, kennysheep_mini, fedhas_altar_4, uniq_duvessa
D:6:      layout_loops_cross, serial_shops, nicolae_shop_stone, chequers_garden,
          nzn_random_ring, uniq_sigmund
D:7:      layout_loops_ring, slow_altar_2
D:8:      layout_basic, due_lair_maze_entry_diamond, uniq_grum, uniq_erica
D:9:      layout_basic, grunt_gozag_breadcrumbs, serial_corexii_hall,
          corexii_hall_statues_t, corexii_hall_statues_l,
          ebering_ghost_inner_flame, hangedman_little_slice_of_home,
          minmay_stone_trees_medium, fungi_pond_lemuel
D:10:     layout_irregular_city, st_stairs_12, jmf_multi_god_temple2
D:11:     layout_loops_ring, gauntlet_entry_generic, nicolae_ru_awakened_eye
D:12:     layout_roguey, erik_orc_4, uniq_kirke, uniq_snorg
D:13:     layout_rooms, elves_outpost_lemuel, uniq_sonja, uniq_josephine,
          uniq_maurice, uniq_erolcha
D:14:     layout_loops_ring, lightli_vaults_fourway_checkpoint, uniq_nessos
D:15:     hangedman_depths_entry_try_elsewhere_first, layout_gridville,
          serial_rivers, chequers_serial_rivers_large_a,
          chequers_serial_rivers_micro_d, chequers_serial_rivers_small_3,
          chequers_serial_rivers_micro_c, chequers_serial_rivers_small_b,
          ashenzari_altar_1, uniq_jorgrun
Temple:   eino_narrow_crystal_temple
Lair:1:   layout_long_grid, minmay_lair_oklob_chamber
Lair:2:   layout_cave_shapes
Lair:3:   pond_and_an_island_with_a_cottage, layout_cave_pods,
          shoals_dummy_entry, st_stairs_4
Lair:4:   lemuel_slime, layout_gridlike, spider_nest_entry_webs
Lair:5:   layout_cave_pods, slime_altar_1, gammafunk_ghost_berserking_beasts,
          chequers_serial_rivers_micro_b, chequers_serial_rivers_micro_d,
          serial_bayou_shore_a, infiniplex_staircase_pool, grunt_megastairs_3
Lair:6:   minmay_lair_end_frog_pond, layout_big_grid, eino_house_with_fridge
Shoals:1: layout_shoals, uniq_nikola
Shoals:2: layout_shoals, serial_shops, shop, uniq_polyphemus
Shoals:3: layout_shoals, nicolae_shoals_wave_tunnel, uniq_louise
Shoals:4: shoals_end_hangedman, layout_shoals
Spider:1: layout_spider_delve, gammafunk_ghost_necromancy
Spider:2: layout_spider_delve
Spider:3: layout_spider_delve, hive_lemuel, uniq_asterion, uniq_arachne,
          uniq_bai_suzhen
Spider:4: spider_rune_water, ebering_ghost_disaster_area, uniq_mara
Orc:1:    layout_diamond_mine, serial_shops, shop_fountains,
          gammafunk_ghost_smash, portal_ice_cave_entry_pillars_2
Orc:2:    st_orc_town, layout_caves, mines4_lemuel, uniq_donald, uniq_rupert
Vaults:1: v_rooms_6, vaults_mumra_hex, nicolae_vaults_alarming,
          vaults_room_grunt_arrival_ludios, ontoclasm_vaults_spin,
          nicolae_vaults_rhombus_6, layout_vaults_omnigrid
Vaults:2: gammafunk_vaults_ghost_door_vault, v_alt_pattern_4,
          nicolae_vaults_circle_grid_a, ontoclasm_vaults_chip,
          nicolae_vaults_ninety_degrees, minmay_crypt_entry_simple_box,
          ontoclasm_vaults_bender, vaults_door_vault, v_pattern_3, v_rooms_4,
          vaults_room_fancy_cross, nicolae_vaults_specimen_jars,
          grunt_vaults_hallway_long, ontoclasm_vaults_pinch, layout_vaults_maze

Skill      XL: |  1  2  3  4  5  6  7  8  9 10 11 12 13 14 15 16 17 18 19 20 |
---------------+-------------------------------------------------------------+-----
Axes           | 4 5 6 7 9 10 11 13 14 15 16 17 18 20 21 22 | 22.9
Fighting       | 4 5 6 7 9 10 11 13 14 15 16 17 18 20 21 22 | 22.9
Armour         | 3 4 5 6 8 10 11 12 14 15 16 | 16.5
Shields        | 3 7 9 11 13 14 15 | 15.0
Evocations     | 1 6 9 11 12 13 | 13.5
Dodging        | |  2.1

Action                   |  1- 3 |  4- 6 |  7- 9 | 10-12 | 13-15 | 16-18 | 19-21 || total
-------------------------+-------+-------+-------+-------+-------+-------+-------++-------
Melee: Hand axe          |    66 |       |    45 |   104 |       |       |       ||   215
       Headbutt          |     9 |    11 |    38 |    77 |   261 |   322 |   210 ||   928
       War axe           |    15 |    81 |   178 |       |       |       |       ||   274
       Broad axe         |       |       |       |   351 |  1077 |  1353 |   669 ||  3450
Throw: Dart              |       |     7 |     2 |    22 |     1 |     9 |    20 ||    61
Invok: Trog's Hand       |       |     2 |     3 |     8 |    23 |    21 |    11 ||    68
       Berserk           |       |     1 |       |     5 |    14 |     9 |     4 ||    33
       Brothers in Arms  |       |       |       |       |     2 |     8 |     2 ||    12
  Use: Scroll            |     6 |     3 |     3 |    12 |     9 |     3 |     2 ||    38
       Potion            |       |     1 |       |       |       |     1 |     3 ||     5
  Eat: Chunk             |     1 |     5 |    12 |    22 |    39 |    30 |    17 ||   126
       Ration            |     1 |       |       |     2 |     4 |     8 |     1 ||    16
Armor: Animal skin       |    11 |       |       |       |       |       |       ||    11
       Ring mail         |     5 |    37 |    87 |    77 |       |       |       ||   206
       Plate armour      |       |       |       |   151 |   252 |       |       ||   403
       Crystal plate arm |       |       |       |       |    90 |   534 |   243 ||   867
Dodge: Dodged            |    43 |    55 |   124 |   133 |   233 |   461 |   197 ||  1246
Block: Kite shield       |       |       |       |   277 |   858 |  1145 |   380 ||  2660
       Reflection        |       |       |       |       |    30 |    60 |    48 ||   138
       Other             |       |       |       |       |     1 |       |       ||     1
